 Dungeon Crawl Stone Soup version 0.29-a0-819-g94b489e0ae (webtiles) character file.

Game seed: 10257650662368039143

10369 Garessta the Covert (level 11, -2/51 HPs)
             Began as a Felid Air Elementalist on July 6, 2022.
             Was an Initiate of Gozag.
             Slain by Jorgrun
             ... wielding a +0 vorpal quarterstaff
              (4 damage)
             ... on level 12 of the Dungeon.
             The game lasted 01:15:51 (20758 turns).

Garessta the Covert (Felid Air Elementalist)       Turns: 20758, Time: 01:15:52

Health: -2/51      AC:  3    Str:  4    XL:     11   Next: 35%
Magic:  2/25       EV: 25    Int: 20    God:    Gozag
Gold:   299        SH:  0    Dex: 24    Spells: 17/29 levels left
                                        Lives:  0   Deaths: 3

rFire   . . .      SeeInvis +     - Unarmed
rCold   + . .      Faith    .   (shield unavailable)
rNeg    . . .      Spirit   .   (body armour unavailable)
rPois   .          Reflect  .   (helmet unavailable)
rElec   .          Harm     .   (cloak unavailable)
rCorr   .          Rampage  .   (gloves unavailable)
Will    ++...                   (boots unavailable)
Stlth   ++++++....              p - amulet of magic regeneration
HPRegen 0.17/turn               e - +6 ring of dexterity
MPRegen 0.59/turn               u - ring of willpower

@: grasped by roots, gold aura, very slightly contaminated, constricted, quick
A: very small, claws 1, fangs 3, see invisible, speed 1, shaggy fur 3, stealthy
paws, no weapons or thrown items, no armour, multi-lived
a: Renounce Religion, Potion Petition, Call Merchant, Bribe Branch


You were on level 12 of the Dungeon.
You worshipped Gozag.
Gozag was aware of your devotion.
You visited 2 branches of the dungeon, and saw 13 of its levels.
You also visited: Ossuary and Gauntlet.

You collected 2926 gold pieces.
You spent 425 gold pieces at shops.
You paid 2202 gold pieces to Gozag.

Inventory:

Jewellery
 a - the ring "Cukam" {rC+ Str+2 Slay+4}
   (You found it in a Gauntlet)

   [ring of slaying]

   Str:       It affects your strength (+2).
   Slay:      It affects your accuracy & damage with ranged weapons and melee
   (+4).
   rC:        It protects you from cold.
 e - a +6 ring of dexterity (left paw)
 p - an amulet of magic regeneration (around neck)
 u - a ring of willpower (right paw)
 z - a ring of positive energy
 A - an amulet of the acrobat
 B - a ring of positive energy
Wands
 q - a wand of roots (34)
Scrolls
 b - a scroll of fog
 c - 3 scrolls of poison
 k - 6 scrolls of teleportation
 l - 4 scrolls of amnesia
 m - a scroll of silence
 s - 4 scrolls of fear
 t - a scroll of immolation
 w - 2 scrolls of blinking
 x - a scroll of magic mapping
Potions
 d - 7 potions of curing
 f - 3 potions of brilliance
 g - 6 potions of haste
 h - 2 potions of heal wounds
 i - 3 potions of might
 j - 5 potions of mutation
 o - 3 potions of flight
 r - a potion of berserk rage
 v - 3 potions of attraction
Miscellaneous
 n - a phial of floods (inert)
 y - a condenser vane
 C - a lightning rod (4/4)


   Skills:
 + Level 8.3 Fighting
 + Level 11.2 Dodging
 + Level 11.9 Stealth
 + Level 4.3 Unarmed Combat
 + Level 9.6 Spellcasting
 - Level 0.8 Conjurations
 + Level 0.7 Transmutations
 + Level 9.8 Air Magic


You had 17 spell levels left.
You knew the following spells:

 Your Spells              Type           Power      Damage    Failure   Level
a - Shock                 Conj/Air       100%       1d9       1%          1
b - Static Discharge      Conj/Air       30%        3-7/arc   1%          2
c - Swiftness             Air            48%        N/A       1%          3
d - Airstrike             Air            24%        0-8+      1%          4
e - Passwall              Tmut/Erth      9%         N/A       10%         2

Your spell library contained the following spells:

 Spells                   Type           Power      Damage    Failure   Level
 Freeze                   Ice            36%        1d6       8%          1
 Sandblast                Erth           18%        2d7       8%          1
 Summon Small Mammal      Summ           36%        N/A       8%          1
 Conjure Flame            Conj/Fire      11%        6-21      19%         3
 Stone Arrow              Conj/Erth      22%        3d8       19%         3
 Ignite Poison            Fire/Tmut/Pois 10%        N/A       21%         3
 Call Canine Familiar     Summ           9%         N/A       22%         3
 Frozen Ramparts          Ice            18%        1d3       22%         3
 Gell's Gravitas          Tloc           9%         N/A       22%         3
 Lesser Beckoning         Tloc           9%         N/A       22%         3
 Summon Guardian Golem    Hex/Summ       9%         N/A       22%         3
 Teleport Other           Tloc           9%         N/A       22%         3
 Hailstorm                Conj/Ice       11%        3d5       52%         4
 Sticky Flame             Conj/Fire      11%        2d3       52%         4
 Dispel Undead            Necr           9%         3d8       58%         4
 Leda's Liquefaction      Hex/Erth       4%         N/A       58%         4
 Lee's Rapid Deconstruct  Erth           4%         3d6*      90%         5
 Statue Form              Tmut/Erth      7%         N/A       100%        6
 Lehudib's Crystal Spear  Conj/Erth      5%         10d3      100%        8
 Animate Armour           Summ/Erth      Unusable   N/A       N/A         4

Dungeon Overview and Level Annotations

Branches:
Dungeon (12/15)            Temple (1/1) D:6            Lair (0/6) D:9
    Orc (0/2) D:11        Ossuary (visited)         Gauntlet (visited)

Altars:
Ashenzari
Cheibriados
Dithmenos
Elyvilon
Fedhas
Gozag
Hepliaklqana
Kikubaaqudgha
Makhleb
Nemelex Xobeh
Okawaru
Qazlal
Ru
Sif Muna
Trog
Uskayaw
Vehumet
Wu Jian
Xom
Yredelemnul
Zin
Lugonu

Shops:
D:9 =   D:10 *   D:11 :

Portals:
Abyss: D:4

Annotations:
D:12 3 runed translucent doors, Jorgrun; Rupert; capka3m's ghost, journeyman MeEE


Innate Abilities, Weirdness & Mutations

You have sharp claws.
You have razor-sharp teeth.
You have supernaturally acute eyesight. (SInv)
You cover ground quickly. (Speed+)
Your thick and shaggy fur keeps you warm. (AC +3, rC+)
Your paws help you pounce on unaware monsters.
You are incapable of wielding weapons or throwing items.
You cannot wear armour.
You gain extra lives every three experience levels.


Message History

Jorgrun says, "'tis place shall be yer tomb!"
Jorgrun points at you and mumbles some strange words.
You resist with almost no effort. The grasping roots constrict you!!
Casting: Airstrike (dangerous; 1% risk of failure)
Confirm with . or Enter, or press ? or * to list all spells.
Aiming: Airstrike (dangerous; 1% risk of failure)
Press: ? - help, Dir - move target, f/p - Jorgrun
Aim: Jorgrun, wielding a +0 vorpal quarterstaff and wearing a +0 robe (moderately wounded, empty space bonus: 8/8)
The air twists around and strikes Jorgrun!!
Jorgrun is moderately wounded.
The grasping roots constrict you!
* * * LOW HITPOINT WARNING * * *
Casting: Airstrike (dangerous; 1% risk of failure)
Confirm with . or Enter, or press ? or * to list all spells.
Aiming: Airstrike (dangerous; 1% risk of failure)
Press: ? - help, Dir - move target, f/p - Jorgrun
Aim: Jorgrun, wielding a +0 vorpal quarterstaff and wearing a +0 robe (moderately wounded, empty space bonus: 8/8)
The air twists around and strikes Jorgrun!
Jorgrun is heavily wounded.
The grasping roots constrict you!
* * * LOW HITPOINT WARNING * * *
Casting: Airstrike (dangerous; 1% risk of failure)
Confirm with . or Enter, or press ? or * to list all spells.
Aiming: Airstrike (dangerous; 1% risk of failure)
Press: ? - help, Dir - move target, f/p - Jorgrun
Aim: Jorgrun, wielding a +0 vorpal quarterstaff and wearing a +0 robe (heavily wounded, empty space bonus: 7/8)
The air twists around and strikes Jorgrun!!
Jorgrun is severely wounded.
Jorgrun misses you. The grasping roots constrict you.
* * * LOW HITPOINT WARNING * * *
Casting: Airstrike (dangerous; 1% risk of failure)
Confirm with . or Enter, or press ? or * to list all spells.
Aiming: Airstrike (dangerous; 1% risk of failure)
Press: ? - help, Dir - move target, f/p - Jorgrun
Aim: Jorgrun, wielding a +0 vorpal quarterstaff and wearing a +0 robe (severely wounded, empty space bonus: 7/8)
The air twists around and strikes Jorgrun!
Jorgrun is severely wounded.
Jorgrun hits you with a +0 vorpal quarterstaff.
You die...
Your body crumbles into a pile of gold.

## . .# ... ###########
.. ##.<...#....
#.###..@........
##########.......g.......
.........####............
###.####....#............
##...# ####..............
##.#.#######.$.∩.........
..........#..............
...#..###................
...##..##...............


You could see Jorgrun.

Vanquished Creatures
  A minotaur (Gauntlet)
  Erolcha (D:10)
  A hydra (D:11)
  A boulder beetle (D:12)
  A centaur warrior (D:11)
  2 two-headed ogres
  Sonja (D:12)
  A cyclops (D:11)
  The ghost of HELP the Stinger, a novice OpVM of Gozag (D:6)
  A gargoyle (D:8)
  An unseen horror (D:12)
  A kobold demonologist (D:10)
  Psyche (D:10)
  2 trolls
  3 meliai (Gauntlet)
  Grinder (D:3)
  2 hornets
  2 flying skulls (Gauntlet)
  A vampire (D:10)
  Sigmund (D:2)
  24 yaks
  4 wyverns
  2 wraiths
  2 vampire mosquitoes (D:7)
  2 acid dragons
  A water moccasin (D:6)
  6 orc warriors
  5 sky beasts
  5 black bears
  An ogre (D:6)
  12 centaurs
  A phantom (D:4)
  4 bullfrogs
  7 kobold brigands
  2 necrophages
  A gnoll sergeant (D:8)
  2 scorpions
  9 wights
  A killer bee (D:8)
  4 howler monkeys
  4 jellies
  3 quasits (D:6)
  A gnoll bouda (D:7)
  6 hounds
  5 orc priests
  Natasha (twice) (D:2)
  2 iguanas
  11 orc wizards
  9 mummies
  17 gnolls
  5 adders
  2 white imps
  An ufetubus (D:6)
  2 worms
  2 dart slugs
  49 orcs
  5 ball pythons
  7 endoplasms
  4 giant cockroaches
  A gnoll zombie (Ossuary)
  3 goblins
  9 hobgoblins
  7 jackals
  4 quokkas
  3 bats (D:1)
  7 frilled lizards
  2 hobgoblin zombies (Ossuary)
  25 kobolds
  5 kobold zombies
  2 orc zombies
  6 rats
  A lurking horror (D:4)
333 creatures vanquished.

Vanquished Creatures (others)
  A kobold (D:10)
  10 fungi (D:9)
  11 plants (D:9)
22 creatures vanquished.

Grand Total: 355 creatures vanquished

Notes
Turn   | Place    | Note
-------+----------+-------------------------------------------
     0 | D:1      | Garessta the Felid Air Elementalist began the quest for the
                  | Orb.
     0 | D:1      | Reached XP level 1. HP: 7/7 MP: 4/4
   434 | D:1      | Reached XP level 2. HP: 11/11 MP: 4/6
   437 | D:1      | Learned a level 2 spell: Static Discharge
  1228 | D:1      | Reached XP level 3. HP: 14/14 MP: 0/8
  1595 | D:2      | Noticed Natasha
  1598 | D:2      | Killed Natasha
  1844 | D:2      | Reached XP level 4. HP: 18/18 MP: 0/9
  3055 | D:2      | Noticed Sigmund
  3062 | D:2      | Learned a level 3 spell: Swiftness
  3165 | D:2      | Noticed Natasha
  3171 | D:2      | Killed Natasha
  3305 | D:2      | Reached XP level 5. HP: 13/21 MP: 2/11
  3310 | D:2      | Learned a level 4 spell: Airstrike
  3766 | D:3      | Found a burning altar of Makhleb.
  3766 | D:3      | Noticed a cacodemon
  3834 | D:3      | Found a faded altar of an unknown god.
  3913 | D:3      | Noticed Grinder
  4483 | D:3      | Found an ornate altar of the Wu Jian Council.
  4810 | D:2      | Killed from afar by Sigmund
  4811 | D:2      | Reached XP level 4. HP: 0/18 MP: 11/11
  5163 | D:4      | Reached XP level 5. HP: 21/21 MP: 10/12
  5164 | D:4      | Noticed a phantom
  5185 | D:4      | Killed a phantom
  5186 | D:4      | Reached skill level 5 in Air Magic
  5513 | D:4      | Gained mutation: You are covered in thick fur. (AC +2)
                  | [Felid growth]
  5513 | D:4      | Reached XP level 6. HP: 24/24 MP: 8/14
  5896 | D:4      | Found a one-way gate to the infinite horrors of the Abyss.
  5897 | D:4      | Found a corrupted altar of Lugonu.
  6277 | D:2      | Killed Sigmund
  6278 | D:2      | Reached skill level 5 in Spellcasting
  6395 | D:3      | Found a faded altar of an unknown god.
  6479 | D:3      | Killed Grinder
  6480 | D:3      | Reached XP level 7. HP: 21/27 MP: 8/16
  6895 | D:3      | Found a burning altar of Makhleb.
  7005 | D:3      | Found an ornate altar of the Wu Jian Council.
  7105 | D:5      | Entered Level 5 of the Dungeon
  7140 | D:5      | Found a radiant altar of Vehumet.
  7483 | D:5      | Found a sparkling altar of Nemelex Xobeh.
  7878 | D:5      | Reached skill level 1 in Fighting
  8488 | D:6      | Reached XP level 8. HP: 33/33 MP: 10/18
  8910 | D:6      | Found a staircase to the Ecumenical Temple.
  8920 | Temple   | Entered the Ecumenical Temple
  8949 | Temple   | Became a worshipper of Gozag Ym Sagoz the Greedy
  8976 | D:6      | Found a transporter.
  8985 | D:6      | Noticed HELP's ghost (novice OpVM)
  9072 | D:6      | Found a transporter.
  9478 | D:6      | Learned a level 2 spell: Passwall
  9618 | D:6      | Reached skill level 5 in Stealth
  9649 | D:6      | You fall into a shaft and drop 3 floors!
  9693 | D:9      | Found Atuc's Jewellery Emporium.
  9720 | D:8      | Reached skill level 5 in Dodging
 10048 | D:8      | Noticed a gargoyle
 10087 | D:8      | Found a sand-covered staircase.
 10091 | D:8      | Killed from afar by a gargoyle
 10092 | D:8      | Reached XP level 7. HP: -4/31 MP: 15/17
 10115 | Ossuary  | Entered an ossuary
 10510 | D:7      | Reached XP level 8. HP: 34/34 MP: 4/19
 11622 | D:6      | Killed HELP's ghost
 11623 | D:6      | Reached XP level 9. HP: 16/39 MP: 14/20
 12624 | D:8      | Reached skill level 5 in Fighting
 12831 | D:8      | Noticed a boulder beetle
 12985 | D:8      | Found a broken altar of Ashenzari.
 13662 | D:8      | Reached XP level 10. HP: 44/44 MP: 10/22
 13823 | D:8      | Found a shadowy altar of Dithmenos.
 13830 | D:8      | Found a hide-covered altar of Uskayaw.
 13964 | D:8      | Killed a gargoyle
 15118 | D:9      | Bought a ring of willpower for 425 gold pieces
 15478 | D:9      | Found a staircase to the Lair.
 15545 | D:9      | Identified the +7 shortbow "Doast" {flame, *Slow rPois
                  | rCorr Dex+8}
 15706 | D:9      | Noticed a two-headed ogre
 15709 | D:9      | Killed a two-headed ogre
 15785 | D:9      | Reached skill level 10 in Stealth
 15844 | D:9      | Reached XP level 11. HP: 49/49 MP: 2/24
 16198 | D:10     | Entered Level 10 of the Dungeon
 16198 | D:10     | Noticed a two-headed ogre
 16236 | D:10     | Noticed Erolcha
 16249 | D:10     | Killed Erolcha
 16290 | D:10     | Reached skill level 1 in Unarmed Combat
 16781 | D:10     | Killed a two-headed ogre
 16944 | D:10     | Found a transporter.
 16970 | D:10     | Found a transporter.
 17097 | D:10     | Noticed Psyche
 17100 | D:10     | Killed Psyche
 17101 | D:10     | Reached skill level 10 in Dodging
 17152 | D:10     | Found an iron altar of Okawaru.
 17181 | D:10     | Found a transporter.
 17194 | D:10     | Found a transporter.
 17589 | D:11     | Noticed a five-headed hydra
 17807 | D:11     | Killed a five-headed hydra
 17850 | D:11     | Noticed a centaur warrior
 18165 | D:11     | Found a staircase to the Orcish Mines.
 18173 | D:11     | Killed a centaur warrior
 18575 | D:11     | Identified the +9 long sword of the Dead {vorpal, rPois
                  | rC+++ Str-3 Stlth-}
 19416 | D:12     | Noticed Jorgrun
 19416 | D:12     | Noticed a boulder beetle
 19432 | D:12     | Found a runed translucent gate.
 19433 | D:12     | Found a runed translucent gate.
 19433 | D:12     | Found a runed translucent gate.
 19435 | D:12     | Noticed a flayed ghost
 19439 | D:12     | Noticed a phantasmal warrior
 19475 | D:12     | Found a gate leading to a gauntlet.
 19484 | Gauntlet | Entered a Gauntlet
 19484 | Gauntlet | Noticed a soul eater
 19484 | Gauntlet | Found a transporter.
 19484 | Gauntlet | Found a runed translucent door.
 19484 | Gauntlet | Found a transporter.
 19490 | Gauntlet | Found a transporter.
 19492 | Gauntlet | Noticed a catoblepas
 19502 | Gauntlet | Found a transporter.
 19516 | Gauntlet | Noticed a death yak
 19517 | Gauntlet | Noticed a death yak
 19517 | Gauntlet | Noticed a death yak
 19517 | Gauntlet | Noticed a death yak
 19517 | Gauntlet | Noticed a death yak
 19519 | Gauntlet | Found a transporter.
 19520 | Gauntlet | Found a transporter.
 19520 | Gauntlet | Found a transporter.
 19522 | Gauntlet | Found a transporter.
 19522 | Gauntlet | Found a transporter.
 19524 | Gauntlet | Noticed a hell beast
 19534 | Gauntlet | Found a transporter.
 19550 | Gauntlet | Found a transporter.
 19560 | Gauntlet | Found a transporter.
 19563 | Gauntlet | Noticed a catoblepas
 19574 | Gauntlet | Found a transporter.
 19600 | Gauntlet | Noticed a necromancer
 19608 | Gauntlet | Found a transporter.
 19616 | Gauntlet | Found a runed translucent door.
 19978 | Gauntlet | Gained mutation: Your thick and shaggy fur keeps you warm.
                  | (AC +3, rC+) [Felid growth]
 19978 | Gauntlet | Reached XP level 12. HP: 54/55 MP: 22/26
 19982 | Gauntlet | Identified the ring "Cukam" {rC+ Str+2 Slay+4}
 20009 | Gauntlet | Noticed a minotaur
 20030 | Gauntlet | Killed a minotaur
 20054 | Gauntlet | Identified the +0 battleaxe of Rotation {vamp, Will++
                  | Str+2}
 20054 | Gauntlet | Identified the +2 helmet of the Irksome God {Contam rC+
                  | Str+5}
 20400 | D:12     | Noticed Rupert
 20418 | D:12     | HP: 2/55 [Rupert/+0 battleaxe of flaming (18)]
 20418 | D:12     | Slain by Rupert
 20419 | D:12     | Reached XP level 11. HP: -4/51 MP: 5/25
 20431 | D:12     | Noticed capka3m's ghost (journeyman MeEE)
 20452 | D:12     | Noticed Sonja
 20454 | D:12     | Killed Sonja
 20647 | D:12     | Killed a boulder beetle
 20757 | D:12     | HP: 2/51 [constriction (2)]
 20758 | D:12     | Slain by Jorgrun

Illustrated notes

Levels and vault maps discovered:
D:1:      amcnicky_arrival_double_pillar, layout_loops_corners,
          minmay_misc_feat_rows, dk_noncrumbling_4
D:2:      minmay_razor_zed, layout_basic, uniq_natasha, uniq_sigmund
D:3:      layout_loops_ring, nicolae_wu_jian_immortal_techniques,
          makhleb_altar_promises_db, nicolae_ecumenical_oubliette, uniq_grinder
D:4:      layout_cave_pools, amcnicky_altar_lugonu_corruption
D:5:      layout_layer_cave, mainiacjoe_overflow_six_doors_small,
          overflow_temple_1_default
D:6:      layout_loops_corners, minmay_temple_entry_stoned_glass,
          gammafunk_ghost_stat_death
D:7:      layout_basic
D:8:      hangedman_cross_stitches, layout_gridville,
          mainiacjoe_overflow_surrounded_room, mainiacjoe_overflow_boulevard,
          mainiacjoe_overflow_catwalk_spiral, nicolae_ossuary_entry_giza
D:9:      layout_gridville, grunt_lair_entry_orc_guard_hut, serial_shops,
          shop_statue
D:10:     layout_roguey, overflow_temple_1_default, nicolae_diode_intersection,
          uniq_psyche, uniq_erolcha
D:11:     layout_cross, david_orc_2
D:12:     layout_rooms, gammafunk_ghost_spectres, gauntlet_entry_generic,
          uniq_rupert, uniq_jorgrun, uniq_sonja
Temple:   nicolae_temple_ecumenical_triangle

Skill      XL: |  1  2  3  4  5  6  7  8  9 10 11 12 |
---------------+-------------------------------------+-----
Air Magic      | 3 4 5 6 7 8 9 |  9.8
Spellcasting   | 3 4 5 6 7 8 9 |  9.6
Dodging        | 3 6 7 9 11 | 11.2
Stealth        | 4 7 8 10 11 | 11.9
Fighting       | 1 4 5 6 7 8 |  8.3
Unarmed Combat | 3 4 |  4.3
Conjurations   | |  0.8
Transmutations | |  0.7

Action                   |  1- 3 |  4- 6 |  7- 9 | 10-12 || total
-------------------------+-------+-------+-------+-------++-------
Melee: Unarmed           |     2 |       |    11 |    16 ||    29
       Bite              |       |       |     2 |       ||     2
       Punch             |       |       |       |     1 ||     1
 Cast: Shock             |    68 |   141 |   152 |    79 ||   440
       Static Discharge  |     3 |    29 |    55 |    32 ||   119
       Airstrike         |       |       |    79 |   235 ||   314
       Swiftness         |       |       |     1 |     3 ||     4
Invok: Potion Petition   |       |       |     1 |     1 ||     2
       Call Merchant     |       |       |       |     2 ||     2
Evoke: Wand              |       |       |       |     2 ||     2
       Phial of floods   |       |       |       |     1 ||     1
  Use: Scroll            |       |     3 |    19 |     7 ||    29
       Potion            |       |       |     2 |     6 ||     8
 Stab: Sleeping          |       |       |     1 |     2 ||     3
Armor: Skin              |       |     1 |     6 |    13 ||    20
Dodge: Dodged            |    15 |    14 |    67 |   113 ||   209

Table legend: (Time is in decaauts)
 A = Elapsed time spent in this place.
 B = Non-inter-level travel time spent in this place.
 C = Inter-level travel time spent in this place.
 D = Time resting spent in this place.
 E = Time spent auto-exploring this place.
 F = Levels seen in this place.
 G = Mean time per level.
                   A        B        C        D        E       F      G
               +--------+--------+--------+--------+--------+-----+--------+
         Total |  18592 |  17662 |    930 |   3512 |  11066 |  15 | 1239.5 |
       Dungeon |  17593 |  16676 |    917 |   3383 |  10607 |  12 | 1466.1 |
        Temple |     38 |     26 |     12 |      0 |     16 |   1 |   38.0 |
       Ossuary |    344 |    344 |      0 |     19 |    224 |   1 |  344.0 |
      Gauntlet |    617 |    617 |      0 |    110 |    218 |   1 |  617.0 |
               +--------+--------+--------+--------+--------+-----+--------+

Top non-repeatable levels by time:
     D:3: 2288 daAuts
    D:10: 2134 daAuts
     D:8: 2007 daAuts
     D:2: 1856 daAuts
     D:7: 1834 daAuts
     D:1: 1548 daAuts
     D:9: 1449 daAuts
     D:6: 1328 daAuts
     D:5: 1160 daAuts
    D:11: 820 daAuts
     D:4: 639 daAuts
Gauntlet: 617 daAuts
    D:12: 521 daAuts
 Ossuary: 344 daAuts
  Temple: 38 daAuts
